 Dungeon Crawl Stone Soup version 0.31-a0-202-g547052bce9 (webtiles) character file.

Game seed: 1426404635130410711

94 qw the Shooter (level 4, 0/25 HPs)
             Began as a Deep Elf Hunter on June 26, 2023.
             Slain by a phantom (2 damage)
             ... on level 3 of the Dungeon.
             The game lasted 00:00:39 (2112 turns).

qw the Shooter (Deep Elf Hunter)                    Turns: 2112, Time: 00:00:40

Health: 0/25       AC:  5    Str: 10    XL:     4   Next: 38%
Magic:  6/6        EV: 11    Int: 14    God:
Gold:   94         SH:  0    Dex: 18    Spells: 3/3 levels left

rFire   . . .        Y - +0 shortbow (freeze)
rCold   . . .        (shield currently unavailable)
rNeg    . . .        a - +0 ring mail
rPois   .            (no helmet)
rElec   .            (no cloak)
rCorr   .            (no gloves)
SInv    .            (no boots)
Will    .....        (no amulet)
Stlth   +            (no ring)
HPRegen 0.24/turn    (no ring)
MPRegen 0.10/turn

%: no passive effects
@: about to teleport
A: no striking features
a: no special abilities


You were on level 3 of the Dungeon.
You visited 1 branch of the dungeon, and saw 3 of its levels.

You collected 94 gold pieces.


   Skills:
 - Level 1.5 Fighting
 + Level 7.8 Ranged Weapons
 - Level 2.4 Dodging
 - Level 1.2 Stealth


You had 3 spell levels left.
You didn't know any spells.
Your spell library was empty.

Inventory:

Hand Weapons
 Y - a +0 shortbow of freezing (weapon)
Armour
 a - a +0 ring mail (worn)
Scrolls
 d - a scroll of identify
Potions
 e - 2 potions of haste
 g - 4 potions of might {unknown}
 k - a potion of mutation {unknown}

Dungeon Overview and Level Annotations

Branches:
Dungeon (3/15)

Altars:

Annotations:
D:3 Natasha


Message History

The phantom hits you.
The phantom blinks!
You blink.
Found two stone staircases leading down.
Enter note:
Enter note: You shoot an arrow.
The arrow barely misses the phantom.
The phantom hits you.
You shoot an arrow. The arrow hits the phantom.
The phantom is moderately damaged.
The phantom hits you.
Natasha drinks a potion.
Natasha flickers and vanishes!
Deactivating autopickup; reactivate with Ctrl-A.
You shoot an arrow.
The arrow hits the phantom but does no damage.
The phantom is moderately damaged.
The phantom hits you but does no damage.
You shoot an arrow.
The arrow hits the phantom but does no damage.
The phantom is moderately damaged.
The cerulean imp barely misses you. The phantom hits you.
The phantom blinks!
You blink.
The cerulean imp hits you from afar with a +0 spear.
Enter note:
Enter note: You shoot an arrow.
The arrow closely misses the phantom.
The arrow hits the cerulean imp.
The arrow freezes the cerulean imp.
The cerulean imp is heavily wounded.
The cerulean imp barely misses you. Something claws you. The phantom hits you.
The phantom blinks!
You blink.
Found a stone staircase leading up.
Enter note:
Enter note:
Enter note:
2111 ||| READING scroll of teleportation.
As you read the scroll of teleportation, it crumbles to dust.
You feel strangely unstable. The phantom hits you.
The phantom blinks!
You blink.
Enter note:
Enter note:
Enter note: You shoot an arrow.
The arrow barely misses the phantom.
The phantom hits you.
You die...

#..##.# ..##.##..###
#..##.####............###
#.....#....>....:.......#
#..####¤###>.##.#####.#.#
######..####5###..##.#
#.#.#
#.............##..##.#
#.#.#
#.#.....##..5¤¤.=....#
#.#.#
#.###.##.#.{##W.####
#.#.#### #. #.¤.......@.#
#.#..... # #...........#
#.###### ####.#..##.##
#.#..##.# . #..##.# #
#..##.# ...#.#< .# #. ##
##


You could see a phantom.

Vanquished Creatures
  Natasha (D:3)
  An adder (D:2)
  A worm (D:2)
  3 dart slugs
  3 ball pythons (D:2)
  3 endoplasms
  A giant cockroach (D:2)
  3 goblins
  2 hobgoblins (D:1)
  7 jackals (D:2)
  A quokka (D:2)
  4 bats
  15 frilled lizards
  5 kobolds
  4 rats
54 creatures vanquished.

Notes
Turn   | Place    | Note
-------+----------+-------------------------------------------
     0 | D:1      | qw the Deep Elf Hunter began the quest for the Orb.
     0 | D:1      | Reached XP level 1. HP: 12/12 MP: 3/3
     0 | D:1      | 0 ||| qw: Version: 0.3-a-22-g0ed2b0b
     0 | D:1      | 0 ||| qw: Game counter: 6079
     0 | D:1      | 0 ||| qw: Melee chars always use a shield: true
     0 | D:1      | 0 ||| qw: God list: Okawaru
     0 | D:1      | 0 ||| qw: Allow faded altars: false
     0 | D:1      | 0 ||| qw: Do Orc after clearing Dungeon:15 true
     0 | D:1      | 0 ||| qw: Do second Lair branch before Depths: true
     0 | D:1      | 0 ||| qw: Lair rune preference: random
     0 | D:1      | 0 ||| qw: Goals: Normal
     0 | D:1      | 0 ||| PLANNING D:1-11
    95 | D:1      | Reached XP level 2. HP: 16/16 MP: 4/4
   282 | D:1      | Reached skill level 6 in Ranged Weapons
   341 | D:1      | HP: 4/16 [poisoned by a goblin]
   714 | D:1      | 714 ||| READING scroll labelled ORYETUI LIXA.
   715 | D:1      | 715 ||| READING scroll labelled UNNIUTHOUCE.
   716 | D:1      | 716 ||| DROPPING scroll of butterflies.
   829 | D:2      | Reached XP level 3. HP: 20/20 MP: 5/5
  1147 | D:2      | Reached skill level 7 in Ranged Weapons
  1715 | D:2      | 1715 ||| UPGRADING to +0 ring mail.
  1725 | D:2      | 1725 ||| DROPPING +0 leather armour.
  1726 | D:2      | 1726 ||| READING scroll labelled OBUEHIGGO.
  1727 | D:2      | 1727 ||| READING 2 scrolls labelled CYCKI ZALE.
  1732 | D:2      | 1732 ||| READING scroll labelled QYM MUUZOMMI.
  1733 | D:2      | 1733 ||| READING scroll labelled UCZOBI PESH.
  1734 | D:2      | 1734 ||| READING scroll labelled TIFUIVIZOM.
  1835 | D:2      | 1835 ||| READING 2 scrolls of identify.
  1835 | D:2      | 1835 ||| IDENTIFYING amethyst potion
  1892 | D:3      | Reached XP level 4. HP: 25/25 MP: 6/6
  2031 | D:3      | Noticed Natasha
  2034 | D:3      | Killed Natasha
  2097 | D:3      | Noticed a phantom
  2100 | D:3      | Noticed Natasha
  2110 | D:3      | HP: 6/25 [something (4)]
  2111 | D:3      | 2111 ||| READING scroll of teleportation.
  2111 | D:3      | HP: 2/25 [phantom (1)]
  2112 | D:3      | Slain by a phantom

Levels and vault maps discovered:
D:1:      giann_bridges, layout_loops_ring, minmay_lizard_king
D:2:      layout_loops_corners
D:3:      layout_loops_ring, okawaru_ov_weapons_minmay,
          shapermc_ecumenical_altar_totnotflames, uniq_natasha, uniq_terence,
          uniq_robin

Skill      XL: |  1  2  3 |
---------------+----------+-----
Ranged Weapons | 6 7 |  7.8
Fighting       | |  1.5
Dodging        | |  2.4
Stealth        | |  1.2

Action                     |  1- 3 |  4- 6 || total
---------------------------+-------+-------++-------
   Fire: Shortbow          |   133 |    19 ||   152
    Use: Scroll            |     8 |     1 ||     9
 Armour: Leather armour    |    21 |       ||    21
         Ring mail         |     2 |     7 ||     9
  Dodge: Dodged            |    37 |     4 ||    41

Table legend:
 A = Non-vault XP
 B = Vault XP
 C = Vault XP percentage of total XP
 D = Non-vault monster count
 E = Vault monster count
 F = Vault count percentage of total count
                 A         B        C        D         E       F
            +---------+---------+-------+---------+---------+-------
      Total |      89 |      46 |  34.1 |      42 |      12 |  22.2
            +---------+---------+-------+---------+---------+-------
        D:1 |      22 |      11 |  33.3 |      11 |      11 |  50.0
        D:2 |      62 |       0 |   0.0 |      28 |       0 |   0.0
        D:3 |       5 |      35 |  87.5 |       3 |       1 |  25.0
            +---------+---------+-------+---------+---------+-------
